 Dungeon Crawl Stone Soup version 0.18.1-48-g4cf74bf (webtiles) character file.

121 NekoKawashu the Grave Robber (level 4, -3/32 HPs)
             Began as a Mummy Necromancer on July 14, 2016.
             Was an Initiate of Nemelex Xobeh.
             Slain by a gnoll
             ... wielding a +0 halberd
              (10 damage)
             ... on level 3 of the Dungeon.
             The game lasted 00:12:35 (2732 turns).

NekoKawashu the Grave Robber (Mummy Necromancer)    Turns: 2732, Time: 00:12:35

Health: -3/32      AC:  3    Str: 11    XL:     4   Next: 77%
Magic:  5/8        EV: 12    Int: 15    God:    Nemelex Xobeh [......]
Gold:   119        SH:  0    Dex: 12    Spells: 2 memorised, 7 levels left

rFire  x . .     SeeInvis .     (no weapon)
rCold  + . .     Gourm    .     a - +0 robe
rNeg   + + +     Faith    .     (no shield)
rPois  ∞         Spirit   .     (no helmet)
rElec  .         Dismiss  .     (no cloak)
rCorr  .         Reflect  .     e - +0 pair of gloves
SustAt .         Harm     .     (no boots)
MR     .....                    (no amulet)
Stlth  ++........               (no ring)
                                (no ring)

@: not resistant to hostile enchantments, unstealthy
A: no food or potions, fire vulnerability, cold resistance 1, negative energy
resistance 3, torment resistance, unbreathing
a: Renounce Religion


You were on level 3 of the Dungeon.
You worshipped Nemelex Xobeh.
Nemelex Xobeh was noncommittal.
You were not hungry.

You visited 1 branch of the dungeon, and saw 3 of its levels.

You collected 119 gold pieces.

Inventory:

Armour
 a - a +0 robe (worn)
 e - a +0 pair of gloves (worn)
 j - a +2 large shield
Scrolls
 c - a scroll of identify {unknown}
 d - a scroll of enchant armour {unknown}
 f - a scroll of random uselessness {unknown}
 g - 3 scrolls of remove curse {unknown}
 h - a scroll of blinking {unknown}
 i - a scroll of fog {unknown}
Books
 b - a book of Necromancy

   Spells                             Type                      Level
   a - Pain                           Necromancy                   1
   b - Animate Skeleton               Necromancy                   1
   c - Vampiric Draining              Necromancy                   3
   d - Regeneration                   Charms/Necromancy            3
   e - Animate Dead                   Necromancy                   4
   f - Control Undead                 Necromancy                   4


   Skills:
 - Level 1.0 Fighting
 * Level 2.2 Dodging
 + Level 1.6 Stealth
 - Level 0.5 Unarmed Combat
 * Level 3.2 Spellcasting
 * Level 4.6 Necromancy


You had 7 spell levels left.
You knew the following spells:

 Your Spells              Type           Power        Failure   Level  Hunger
a - Pain                  Necr           ###.         3%          1    N/A
b - Animate Skeleton      Necr           N/A          3%          1    N/A

Dungeon Overview and Level Annotations

Branches:
Dungeon (3/15)

Altars:
Nemelex Xobeh
Okawaru


Innate Abilities, Weirdness & Mutations

You do not eat or drink.
Your flesh is vulnerable to fire.
You are immune to poison.
Your flesh is cold resistant.
You are immune to negative energy.
You are immune to unholy pain and torment.
You can survive without breathing.


Message History

Aim: a dart slug (heavily wounded, clinging, hasn't noticed you, chance to defeat MR: 93%)
The dart slug convulses in agony!
Casting: Pain
Confirm with . or Enter, or press ? or * to list all spells.
Aiming: Pain
Press: ? - help, Shift-Dir - straight line, f/p - dart slug
Aim: a dart slug (severely wounded, clinging, chance to defeat MR: 93%)
The dart slug convulses in agony!
You kill the dart slug!
Casting: Pain
Confirm with . or Enter, or press ? or * to list all spells.
Aiming: Pain
Press: ? - help, Shift-Dir - straight line, f - gnoll
Aim: a gnoll, wielding a halberd (chance to defeat MR: 81%)
The gnoll convulses in agony!
The gnoll misses you.
The gnoll hits you from afar with a halberd!
* * * LOW HITPOINT WARNING * * *
The gnoll hits you from afar with a halberd!
You die...
Your body disappears without a glow.

###### #.g..# #.##@#
#.##.# #g##.# #.##..
##.#### #..# # #.##
.#
#.##############.#
#†#..Z........#..#.#


You could see a gnoll.

Vanquished Creatures
  Jessica (D:2)
  4 adders (D:2)
  An ooze (D:2)
  2 worms (D:2)
  A dart slug (D:3)
  2 giant geckos
  2 orcs
  A ball python (D:2)
  7 bats
  2 giant cockroaches
  A goblin (D:1)
  6 hobgoblins
  7 kobolds
  A quokka (D:2)
  3 giant newts (D:2)
  4 rats
45 creatures vanquished.

Vanquished Creatures (collateral kills)
  A bat (D:2)
  A hobgoblin (D:1)
  2 kobolds (D:1)
4 creatures vanquished.

Grand Total: 49 creatures vanquished

Notes
Turn   | Place    | Note
--------------------------------------------------------------
     0 | D:1      | NekoKawashu the Mummy Necromancer began the quest for the Orb.
     0 | D:1      | Reached XP level 1. HP: 13/13 MP: 3/3
    28 | D:1      | Learned a level 1 spell: Animate Skeleton
   165 | D:1      | Reached XP level 2. HP: 12/19 MP: 1/5
   983 | D:2      | Found a sparkling altar of Nemelex Xobeh.
  1025 | D:2      | Reached XP level 3. HP: 2/24 MP: 0/6
  1454 | D:2      | Noticed Jessica
  1460 | D:2      | Killed Jessica
  1460 | D:2      | Reached XP level 4. HP: 20/31 MP: 0/8
  1829 | D:2      | Reached skill level 1 in Fighting
  1837 | D:2      | Found a faded altar to an unknown god.
  1935 | D:2      | Became a worshipper of Warmaster Okawaru
  1935 | D:2      | Reached * piety under Okawaru
  2001 | D:2      | Fell from the grace of Okawaru
  2090 | D:2      | Became a worshipper of Nemelex Xobeh the Trickster
  2422 | D:2      | Noticed an orc warrior
  2510 | D:1      | Noticed an orc warrior
  2694 | D:3      | Found an iron altar of Okawaru.
  2732 | D:3      | Slain by a gnoll

Skill      XL: |  1  2  3  4 |
---------------+-------------+-----
Dodging        | 2 |  2.2
Spellcasting   | 3 |  3.2
Fighting       | 1 |  1.0
Stealth        | |  1.6
Unarmed Combat | |  0.5
Necromancy     | |  4.6

Action                   |  1- 3 |  4- 6 || total
-------------------------+-------+-------++-------
Melee: Unarmed           |    46 |    31 ||    77
 Cast: Pain              |    40 |    68 ||   108
       Animate Skeleton  |     6 |     6 ||    12
Invok: Heroism           |       |     1 ||     1
       Renounce Religion |       |     1 ||     1
Armor: Robe              |    30 |    17 ||    47
Dodge: Dodged            |    62 |    50 ||   112
